 Dungeon Crawl Stone Soup version 0.18-a0-1718-g40ea4b6 (console) character file.

483 zxpr0jk the Chiller (level 6, -5/45 HPs)
             Began as a Draconian Ice Elementalist on Apr 7, 2016.
             Was a Follower of Sif Muna.
             Slain by an ogre
             ... wielding a +0 giant club
              (30 damage)
             ... on level 5 of the Dungeon.
             The game lasted 00:21:20 (3900 turns).

zxpr0jk the Chiller (Draconian Ice Elementalist)    Turns: 3900, Time: 00:21:20

Health: -5/45      AC: 12    Str:  9 (10) XL:     6   Next: 88%
Magic:  1/12       EV: 13    Int: 14 (16) God:    Sif Muna [*.....]
Gold:   147        SH:  0    Dex: 16 (17) Spells: 3 memorised, 5 levels left

rFire  . . .     SeeInvis .     s - +0 shortbow
rCold  . . .     Gourm    .     (armour unavailable)
rNeg   . . .     Faith    .     (shield currently unavailable)
rPois  .         Spirit   .     (helmet restricted)
rElec  .         Dismiss  .     (no cloak)
rCorr  .         Reflect  .     e - +0 pair of gloves
SustAt .         Harm     .     (no boots)
MR     .....                    (no amulet)
Stlth  ++........               (no ring)
                                q - +4 ring of dexterity

@: icy armour, very slightly contaminated, slow, not resistant to hostile
enchantments, unstealthy
A: unfitting armour, cold-blooded, AC +6
a: Channel Energy, Renounce Religion


You were on level 5 of the Dungeon.
You worshipped Sif Muna.
Sif Muna was aware of your devotion.
You were hungry.

You visited 1 branch of the dungeon, and saw 6 of its levels.

You collected 147 gold pieces.

Inventory:

Hand Weapons
 j - a +1 short sword of speed
 s - a +0 shortbow (weapon)
 u - a +0 trident
Missiles
 t - 44 arrows (quivered)
Armour
 e - a +0 pair of gloves (worn)
Jewellery
 q - a +4 ring of dexterity (left hand)
Scrolls
 h - a scroll of remove curse
 i - 2 scrolls of teleportation
 o - a scroll of identify
Potions
 k - a potion of invisibility
 v - a potion of agility
Books
 a - a book of Frost

   Spells                             Type                      Level
   a - Freeze                         Ice                          1
   b - Throw Frost                    Conjuration/Ice              2
   c - Ozocubu's Armour               Charms/Ice                   3
   d - Throw Icicle                   Conjuration/Ice              4
   e - Summon Ice Beast               Ice/Summoning                4
Comestibles
 b - 3 bread rations
 f - 5 fruits


   Skills:
 + Level 2.5 Dodging
 - Level 1.7 Stealth
 - Level 4.3 Spellcasting
   Level 1.0 Conjurations
 - Level 6.1 Ice Magic


You had 5 spell levels left.
You knew the following spells:

 Your Spells              Type           Power        Failure   Level  Hunger
a - Freeze                Ice            ###.         1%          1    None
b - Ozocubu's Armour      Chrm/Ice       ##......     17%         3    ###....
c - Summon Ice Beast      Ice/Summ       ##......     58%         4    ####...


Dungeon Overview and Level Annotations

Branches:
Dungeon (6/15)             Temple (0/1) D:5

Altars:
Fedhas
Gozag
Sif Muna

Annotations:
D:4 Menkaure


Innate Abilities, Weirdness & Mutations

Your plain brown scales are hard (AC +6).
Your body does not fit into most forms of armour.
You are cold-blooded and may be slowed by cold attacks.


Message History

Firing (i - inventory):
t - 46 arrows (quivered)
Press: ? - help, Shift-Dir - straight line, f - ogre
Aim: an ogre, wielding a giant club (moderately wounded)
You shoot an arrow. The arrow hits the ogre.
The ogre is heavily wounded.
Firing (i - inventory):
t - 45 arrows (quivered)
Press: ? - help, Shift-Dir - straight line, f/p - ogre
Aim: an ogre, wielding a giant club (heavily wounded)
You shoot an arrow. The arrow hits the ogre.
The ogre is severely wounded.
Casting: Summon Ice Beast
Confirm with . or Enter, or press ? or * to list all spells.
Aiming: Freeze
Press: ? - help, Shift-Dir - straight line, f/p - ogre
Aim: an ogre, wielding a giant club (severely wounded)
You freeze the ogre.
The ogre is almost dead.
The ogre hits you with a giant club!!
Ouch! That really hurt!
You die...

##########
##.#..#.#.#############
...#....#.............#
##.#<.#.#.###########.# ##
#.####.#.# #.# #. ##........#
#.##########.
.######.#############.#..........
.'....#.......(O@.....+..........
.####.#.......#######.#.........#
## #.#.......#.......'..........
#.#.......#.###.#.#..........
#.#.......#.#...#.##########.
#.#.......#.#.#.#.# #.
#.#.......#.#.#.#.##########.
#>...........................
########......#...#.#.##########.


You could see an ogre.

Vanquished Creatures
  2 centaurs (D:5)
  A jelly (D:5)
  Natasha (D:2)
  An iguana (D:5)
  2 worker ants (D:5)
  6 adders
  An adder skeleton (D:3)
  A worm (D:3)
  4 dart slugs
  3 giant geckos
  4 orcs
  2 ball pythons
  6 bats
  2 giant cockroaches
  4 goblins
  5 hobgoblins
  8 jackals
  4 kobolds
  2 quokkas (D:3)
  4 giant newts
  6 rats
69 creatures vanquished.

Vanquished Creatures (collateral kills)
  An ogre (D:5)
1 creature vanquished.

Grand Total: 70 creatures vanquished

Notes
Turn   | Place    | Note
--------------------------------------------------------------
     0 | D:1      | zxpr0jk the Draconian Ice Elementalist began the quest for the Orb.
     0 | D:1      | Reached XP level 1. HP: 14/14 MP: 3/3
   286 | D:1      | Reached XP level 2. HP: 13/20 MP: 1/5
  1201 | D:2      | Reached XP level 3. HP: 26/26 MP: 5/7
  1209 | D:2      | Learned a level 3 spell: Ozocubu's Armour
  1569 | D:2      | Found a blossoming altar of Fedhas.
  1716 | D:2      | Noticed Natasha
  1726 | D:2      | Killed Natasha
  1726 | D:2      | Reached skill level 4 in Ice Magic
  1933 | D:3      | Reached XP level 4. HP: 31/33 MP: 5/8
  1980 | D:3      | Found a deep blue altar of Sif Muna.
  2009 | D:3      | Became a worshipper of Sif Muna the Loreminder
  2144 | D:3      | Learned a level 4 spell: Summon Ice Beast
  2435 | D:3      | Found an opulent altar of Gozag.
  2499 | D:3      | Reached XP level 5. HP: 34/38 MP: 10/10
  2669 | D:4      | Noticed Menkaure
  2689 | D:5      | Entered Level 5 of the Dungeon
  2841 | D:5      | Noticed a centaur
  2864 | D:5      | Killed a centaur
  2864 | D:5      | Reached skill level 5 in Ice Magic
  3018 | D:5      | Reached * piety under Sif Muna
  3018 | D:5      | Reached XP level 6. HP: 36/45 MP: 7/12
  3142 | D:5      | Reached skill level 6 in Ice Magic
  3245 | D:5      | Found a staircase to the Ecumenical Temple.
  3550 | D:5      | HP: 1/45 [ogre/giant spiked club (20)]
  3900 | D:5      | Slain by an ogre

Vault maps used:
D:1:      zelgadis_glass_arrival_small
D:2:      fedhas_altar_2, minmay_tree_intersection, uniq_natasha
D:3:      lemuel_coloured_pillars_altar, first_bread, led_sif_pool
D:4:      kennysheep_goblin_castle, uniq_sigmund, uniq_menkaure
D:5:      minmay_temple_entry_statues_pillars

Skill      XL: |  1  2  3  4  5  6 |
---------------+-------------------+-----
Spellcasting   | 3 4 |  4.3
Ice Magic      | 4 5 6 |  6.1
Dodging        | 2 |  2.5
Stealth        | |  1.7
Conjurations   | |  1.0

Action                   |  1- 3 |  4- 6 || total
-------------------------+-------+-------++-------
Melee: Unarmed           |    14 |       ||    14
       Short sword       |    13 |    47 ||    60
 Fire: Shortbow          |       |    14 ||    14
 Cast: Freeze            |    49 |    67 ||   116
       Ozocubu's Armour  |     1 |    10 ||    11
       Summon Ice Beast  |       |     3 ||     3
  Use: Potion            |     1 |     8 ||     9
       Scroll            |       |     4 ||     4
 Stab: Distracted        |       |     1 ||     1
  Eat: Chunk             |     4 |     7 ||    11
